 Dungeon Crawl Stone Soup version 0.30.0-20-g3615ddf2f0 (webtiles) character file.

Game seed: 16247381172977808850

377 qw the Chopper (level 6, -24/39 HPs)
             Began as a Gargoyle Fighter on June 1, 2023.
             Annihilated by an ogre
             ... wielding a +0 giant spiked club
              (31 damage)
             ... on level 5 of the Dungeon.
             The game lasted 00:02:03 (3314 turns).

qw the Chopper (Gargoyle Fighter)                   Turns: 3314, Time: 00:02:03

Health: -24/39     AC: 11    Str: 21    XL:     6   Next: 73%
Magic:  5/6        EV:  9    Int:  9    God:
Gold:   232        SH:  4    Dex:  9    Spells: 5/5 levels left

rFire   . . .        Y - +1 war axe
rCold   + . .        c - +0 buckler
rNeg    + . .        b - +0 scale mail
rPois   inf          (no helmet)
rElec   +            (no cloak)
rCorr   .            (no gloves)
SInv    .            (no boots)
Will    .....        j - amulet of regeneration Stlth
                     h - ring of protection from cold
HPRegen 1.06/turn    (no ring)
MPRegen 0.10/turn

%: no passive effects
@: no status effects
A: sickness immunity, AC +4, negative energy resistance 1, electricity
resistance, torment resistance 1, petrification resistance
a: no special abilities


You were on level 5 of the Dungeon.
You visited 1 branch of the dungeon, and saw 5 of its levels.

You collected 232 gold pieces.


Innate Abilities, Weirdness & Mutations

You are immune to sickness and miasma.
Your stone body is resilient. (AC +4)
You are immune to poison.
You resist negative energy. (rN+)
You are resistant to electric shocks. (rElec)
You are resistant to unholy torment.
You are immune to petrification.


   Skills:
 - Level 4.5 Fighting
 + Level 5.4 Axes
 - Level 3.2 Armour
 - Level 1.3 Dodging
 - Level 3.2 Shields


You had 5 spell levels left.
You didn't know any spells.
Your spell library was empty.

Inventory:

Hand Weapons
 r - a +0 flail
 Y - a +1 war axe (weapon)
Armour
 b - a +0 scale mail (worn)
 c - a +0 buckler (worn)
Jewellery
 h - a ring of protection from cold (left hand)
 j - an amulet of regeneration (around neck)
Scrolls
 f - a scroll of enchant armour
 p - a scroll of identify
Potions
 a - a potion of haste
 d - 2 potions of might
 e - a potion of attraction {unknown}
 g - a potion of brilliance {unknown}
 i - a potion of resistance
 k - a potion of ambrosia {unknown}
 m - a potion of curing
 q - a potion of lignification

Dungeon Overview and Level Annotations

Branches:
Dungeon (5/15)
 Temple: D:4-7

Altars:
Dithmenos
Elyvilon
Hepliaklqana
Qazlal
Trog
Xom
Yredelemnul


Message History

The ufetubus hits you. The gnoll hits you with a +0 whip.
The gnoll completely misses you.
You hit the ufetubus but do no damage.
The ufetubus is heavily wounded.
You hit the ogre. x2; You slash the gnoll!
You kill the gnoll!
The ufetubus hits you but does no damage.
The ufetubus barely misses you.
The ogre hits you with a +0 giant spiked club!
The ufetubus hits you but does no damage.
The ufetubus closely misses you.
The gnoll hits you from afar with a +0 antimagic spear.
You feel your power leaking away.
The ogre hits you with a +0 giant spiked club!
3312 ||| DRINKING potion of heal wounds.
You feel much better. The ufetubus barely misses you.
You block the ufetubus's attack. The gnoll hits you but does no damage.
The ogre barely misses you. The ufetubus closely misses you.
The ufetubus hits you but does no damage.
The ogre hits you with a +0 giant spiked club!!
Ouch! That really hurt!
You miss the ufetubus.
The ufetubus is heavily wounded.
You hit the ogre. x2; You hit the gnoll.
The ufetubus hits you but does no damage. x2
The gnoll hits you but does no damage.
The gnoll hits you from afar with a +0 antimagic spear.
You block the ogre's attack. The ufetubus closely misses you.
The ufetubus hits you but does no damage.
You closely miss the ufetubus.
The ufetubus is heavily wounded.
You completely miss the ogre. You slash the gnoll! You slash the ogre!
You block the ufetubus's attack. The ufetubus barely misses you.
The ogre closely misses you. The gnoll completely misses you.
The gnoll misses you.
The ufetubus hits you but does no damage. x2
The ogre hits you with a +0 giant spiked club!!
Ouch! That really hurt!
You die...

#........~~P..............
#...?.P~ยค..##........#..
#.....P.P.##.#......#.. ..
#..........#.#.........
...###........#...........
..............#.......###'
...#..................#)))
. #..................#)))
..O..##.O@O<..........#...
.....#$.g5#...........#...
......##gY............#...
...#.. ..........>.##.###+
####. ...7..7.... .
.......7 .. ..........7 .
...#.. P7.


You could see an ice beast, 2 ogres, 2 gnolls and an ufetubus.

Vanquished Creatures
  A phantom (D:4)
  An orc priest (D:4)
  Terence (D:3)
  A gnoll (D:5)
  7 adders
  A shadow imp (D:5)
  3 white imps (D:5)
  2 ufetubi (D:5)
  3 worms
  A dart slug (D:3)
  8 orcs
  7 ball pythons
  4 bats
  5 endoplasms
  10 giant cockroaches
  10 goblins
  12 hobgoblins
  7 jackals
  11 quokkas
  3 frilled lizards
  10 kobolds
  6 rats
114 creatures vanquished.

Notes
Turn   | Place    | Note
-------+----------+-------------------------------------------
     0 | D:1      | qw the Gargoyle Fighter began the quest for the Orb.
     0 | D:1      | Reached XP level 1. HP: 14/14 MP: 1/1
     0 | D:1      | 0 ||| qw: Version: 0.2-a-102-gfc559e5
     0 | D:1      | 0 ||| qw: Game counter: 629
     0 | D:1      | 0 ||| qw: Always use a shield: true
     0 | D:1      | 0 ||| qw: God list: Okawaru
     0 | D:1      | 0 ||| qw: Allow faded altars: false
     0 | D:1      | 0 ||| qw: Do Orc after D:15 true
     0 | D:1      | 0 ||| qw: Do second Lair branch before Depths: true
     0 | D:1      | 0 ||| qw: Lair rune preference: random
     0 | D:1      | 0 ||| qw: Plans: Normal, Zot:1-4, Slime:5, God:TSO, Crypt,
                  | Tomb, Pan, Hells, Abyss, Win
     0 | D:1      | 0 ||| PLANNING D:1-11
    11 | D:1      | Reached skill level 2 in Axes
    78 | D:1      | 78 ||| FLEEEEING.
    91 | D:1      | 91 ||| Stepping ~*~*~tactically~*~*~ (stealth).
   108 | D:1      | Reached XP level 2. HP: 19/19 MP: 2/2
   373 | D:1      | 373 ||| Stepping ~*~*~tactically~*~*~ (stealth).
   392 | D:1      | Reached skill level 3 in Axes
   437 | D:1      | Reached XP level 3. HP: 21/23 MP: 3/3
   668 | D:1      | 668 ||| UPGRADING to amulet of regeneration.
   673 | D:1      | 673 ||| UPGRADING to ring of protection from cold.
   674 | D:1      | 674 ||| READING scroll labelled AFOIMI LESHAMP.
   675 | D:1      | 675 ||| READING scroll labelled DOJOOTHR ETIX.
   679 | D:1      | 679 ||| FLEEEEING.
   843 | D:2      | 843 ||| Stepping ~*~*~tactically~*~*~ (stealth).
   844 | D:2      | 844 ||| Stepping ~*~*~tactically~*~*~ (stealth).
   846 | D:2      | 846 ||| Stepping ~*~*~tactically~*~*~ (hiding).
  1113 | D:2      | Reached XP level 4. HP: 28/28 MP: 4/4
  1126 | D:2      | Reached skill level 4 in Axes
  1163 | D:2      | 1163 ||| Stepping ~*~*~tactically~*~*~ (stealth).
  1191 | D:2      | 1191 ||| Stepping ~*~*~tactically~*~*~ (stealth).
  1476 | D:2      | Found a white marble altar of Elyvilon.
  1707 | D:2      | 1707 ||| READING scroll labelled PEL LIGEFYUCIPH.
  1708 | D:2      | 1708 ||| READING scroll labelled XIS LORUSYENA.
  1712 | D:2      | 1712 ||| READING scroll labelled CIAPESH ICHOG.
  1713 | D:2      | 1713 ||| READING scroll labelled WEIJEH HAHIRIBBYEQ.
  1714 | D:2      | 1714 ||| READING scroll labelled SUGARY IXEORGH.
  1715 | D:2      | 1715 ||| DRINKING 2 amethyst potions.
  1716 | D:2      | 1716 ||| DRINKING 2 fizzy red potions.
  1717 | D:2      | 1717 ||| DRINKING 2 white potions.
  1750 | D:3      | Found a stormy altar of Qazlal.
  1753 | D:3      | Found a shadowy altar of Dithmenos.
  1760 | D:3      | Found a hazy altar of Hepliaklqana.
  1760 | D:3      | Found a shimmering altar of Xom.
  1793 | D:3      | 1793 ||| Stepping ~*~*~tactically~*~*~ (hiding).
  1824 | D:3      | 1824 ||| Stepping ~*~*~tactically~*~*~ (stealth).
  1957 | D:3      | 1957 ||| Stepping ~*~*~tactically~*~*~ (stealth).
  1958 | D:3      | 1958 ||| Stepping ~*~*~tactically~*~*~ (stealth).
  1963 | D:3      | 1963 ||| Stepping ~*~*~tactically~*~*~ (hiding).
  2050 | D:3      | Reached XP level 5. HP: 32/32 MP: 5/5
  2100 | D:3      | Noticed Terence
  2112 | D:3      | Killed Terence
  2574 | D:3      | 2574 ||| DROPPING amulet of guardian spirit.
  2575 | D:3      | 2575 ||| READING scroll labelled JAFIGI YTOO.
  2576 | D:3      | 2576 ||| DRINKING 2 green potions.
  2634 | D:4      | 2634 ||| DROPPING +0 club.
  2643 | D:4      | Found a basalt altar of Yredelemnul.
  2651 | D:4      | Reached skill level 5 in Axes
  2678 | D:4      | 2678 ||| Stepping ~*~*~tactically~*~*~ (stealth).
  2704 | D:4      | Noticed a phantom
  2718 | D:4      | Killed a phantom
  2719 | D:4      | Reached XP level 6. HP: 36/39 MP: 6/6
  2828 | D:4      | 2828 ||| Stepping ~*~*~tactically~*~*~ (stealth).
  2945 | D:4      | Reached skill level 1 in Dodging
  2950 | D:4      | 2950 ||| DROPPING +0 whip.
  3076 | D:4      | Found a bloodstained altar of Trog.
  3126 | D:4      | 3126 ||| READING 2 scrolls labelled PAYTAYRGHICKI.
  3134 | D:4      | 3134 ||| READING scroll labelled RYDUXY JOMO.
  3135 | D:4      | 3135 ||| READING scroll labelled ALUIRA UKUN.
  3136 | D:4      | 3136 ||| READING scroll labelled PUPPASAIKI.
  3137 | D:4      | 3137 ||| READING scroll labelled SEODUKK HOEQYKK.
  3138 | D:4      | 3138 ||| DRINKING 3 murky orange potions.
  3139 | D:4      | 3139 ||| DRINKING 2 lumpy ruby potions.
  3181 | D:4      | 3181 ||| DROPPING scroll of torment.
  3182 | D:4      | 3182 ||| DROPPING 2 potions of flight.
  3204 | D:5      | Entered Level 5 of the Dungeon
  3309 | D:5      | Noticed an ice beast
  3311 | D:5      | HP: 7/39 [ogre/+0 giant spiked club (13)]
  3312 | D:5      | 3312 ||| DRINKING potion of heal wounds.
  3314 | D:5      | Annihilated by an ogre

Levels and vault maps discovered:
D:1:      scummos_arrival_hexagon, layout_loops_ring, minmay_misc_feat_hallway
D:2:      layout_loops_ring, basic_altar, minmay_increasing_density
D:3:      layout_basic, grunt_temple_overflow_open, uniq_terence
D:4:      layout_rooms, trog_book, nicolae_overflow_crystal_walls,
          chequers_serial_rivers_room_b, grunt_ministairs_8
D:5:      corexii_shantytown, layout_cave_pools, serial_demonic,
          serial_demonic_e, serial_demonic_b, serial_demonic_g,
          serial_demonic_d, serial_demonic_e, serial_demonic_a, uniq_menkaure,
          uniq_sigmund

Skill      XL: |  1  2  3  4  5  6 |
---------------+-------------------+-----
Axes           | 2 3 4 5 |  5.4
Fighting       | 4 |  4.5
Dodging        | 1 |  1.3
Armour         | |  3.2
Shields        | |  3.2

Action                     |  1- 3 |  4- 6 || total
---------------------------+-------+-------++-------
  Melee: War axe           |   121 |   212 ||   333
    Use: Scroll            |     2 |    11 ||    13
         Potion            |       |     7 ||     7
 Armour: Scale mail        |    59 |   101 ||   160
  Dodge: Dodged            |    54 |   116 ||   170
  Block: Buckler           |    23 |    46 ||    69

Table legend:
 A = Non-vault XP
 B = Vault XP
 C = Vault XP percentage of total XP
 D = Non-vault monster count
 E = Vault monster count
 F = Vault count percentage of total count
                 A         B        C        D         E       F
            +---------+---------+-------+---------+---------+-------
      Total |     403 |     136 |  25.2 |      87 |      27 |  23.7
            +---------+---------+-------+---------+---------+-------
        D:1 |      48 |       0 |   0.0 |      27 |       0 |   0.0
        D:2 |      66 |      31 |  32.0 |      22 |      11 |  33.3
        D:3 |      45 |      36 |  44.4 |      18 |       1 |   5.3
        D:4 |     219 |      10 |   4.4 |      18 |       5 |  21.7
        D:5 |      25 |      59 |  70.2 |       2 |      10 |  83.3
            +---------+---------+-------+---------+---------+-------
